 Dungeon Crawl Stone Soup version 0.28.0-43-g3370ac3207 (webtiles) character file.

Game seed: 12629148654896151320

378 boopmooplesden the Covered (level 6, -10/55 HPs)
             Began as a Minotaur Fighter on Mar 5, 2022.
             Mangled by a gnoll
             ... wielding a +2 whip of electrocution
              (12 damage)
             ... on level 4 of the Dungeon.
             The game lasted 00:04:01 (2757 turns).

boopmooplesden the Covered (Minotaur Fighter)       Turns: 2757, Time: 00:04:02

Health: -10/55     AC: 11    Str: 22    XL:     6   Next: 45%
Magic:  5/5        EV:  7    Int:  5    God:
Gold:   135        SH:  4    Dex: 10    Spells: 5/5 levels left

rFire   . . .      SeeInvis .   a - +0 broad axe
rCold   . . .      Faith    .   c - +0 buckler
rNeg    . . .      Spirit   .   r - +0 chain mail
rPois   .          Reflect  .   (helmet restricted)
rElec   .          Harm     .   (no cloak)
rCorr   .          Rampage  .   i - +0 pair of gloves
Will    .....                   (no boots)
Stlth   ..........              (no amulet)
HPRegen 0.18/turn               (no ring)
MPRegen 0.09/turn               (no ring)

@: mighty
A: horns 2, retaliatory headbutt
a: no special abilities


You were on level 4 of the Dungeon.
You visited 1 branch of the dungeon, and saw 4 of its levels.

You collected 135 gold pieces.

Inventory:

Hand Weapons
 a - a +0 broad axe (weapon)
 b - a +0 hunting sling
Missiles
 e - 26 arrows
 j - 46 stones (quivered)
 m - 7 boomerangs
Armour
 c - a +0 buckler (worn)
 i - a +0 pair of gloves (worn)
 r - a +0 chain mail (worn)
Jewellery
 g - an amulet of reflection
Scrolls
 f - 3 scrolls of identify
 h - a scroll of teleportation {unknown}
 o - a scroll of holy word
 q - a scroll of enchant weapon {unknown}
Potions
 k - a potion of haste {unknown}
 l - 3 potions of curing
 n - a potion of mutation {unknown}
 p - 2 potions of brilliance {unknown}
 s - a potion of degeneration {unknown}


   Skills:
 + Level 4.9 Fighting
 + Level 5.4 Axes
 + Level 1.5 Slings
 + Level 5.7 Armour
 + Level 0.4 Dodging
 + Level 4.1 Shields


You had 5 spell levels left.
You didn't know any spells.
Your spell library was empty.

Dungeon Overview and Level Annotations

Branches:
Dungeon (4/15)
 Temple: D:4-7

Altars:
Makhleb


Innate Abilities, Weirdness & Mutations

You have a pair of horns on your head.
You reflexively headbutt those who attack you in melee.


Message History

Aim: an ogre, wielding a +0 giant club (severely wounded, 73% to hit)
You shoot a stone. The gnoll shouts!
The stone hits the ogre.
The ogre is almost dead.
The ogre hits you with a +0 giant club!!
a - a +0 broad axe (weapon)
You slash the ogre!
You kill the ogre!
A gnoll comes into view.
It is wielding a +2 whip of electrocution.
Your Axes skill increases to level 5!
The gnoll shouts!
You block the gnoll's attack.
Things that are here:
a +0 giant club; a stone The gnoll hits you but does no damage.
The gnoll hits you from afar with a +0 spear.
You feel very mighty all of a sudden.
You hit the gnoll.
The gnoll is heavily wounded.
You block the gnoll's attack.
The gnoll hits you with a +0 flail of holy wrath!
You barely miss the gnoll. You slash the gnoll!
You kill the gnoll!
The gnoll hits you from afar with a +0 spear!
You block the gnoll's attack. The gnoll hits you but does no damage.
The gnoll closely misses you.
You barely miss the gnoll. You slash the gnoll!
You kill the gnoll!
The gnoll hits you but does no damage.
You are electrocuted!
* * * LOW HITPOINT WARNING * * *
You block the gnoll's attack.
You closely miss the gnoll.
The gnoll hits you with a +2 whip of electrocution!
* * * LOW HITPOINT WARNING * * *
You block the gnoll's attack.
The gnoll hits you with a +2 whip of electrocution.
* * * LOW HITPOINT WARNING * * *
You are electrocuted!
You die...

#............#
.............
...#........ ...........
. ........## #.
......... .###. #.>
#.....# ....### ....
#@g..# .[....
....(##)###### #.....
......g......# ###...##
.............####.....##
........).............##
...............##.....##
..:..........#..........
.....#.........##.......
....##.......#.#..######


You could see 2 gnolls.

Vanquished Creatures
  A water moccasin (D:3)
  An ogre (D:4)
  Jessica (D:3)
  6 gnolls
  2 adders
  2 worms (D:2)
  2 dart slugs
  An orc (D:3)
  A bat (D:1)
  5 endoplasms
  3 giant cockroaches
  4 goblins
  7 hobgoblins
  5 jackals (D:3)
  8 kobolds
  5 quokkas
  8 ball pythons
  5 frilled lizards
  8 rats
75 creatures vanquished.

Vanquished Creatures (others)
  2 plants (D:4)
  2 withered plants (D:1)
4 creatures vanquished.

Grand Total: 79 creatures vanquished

Notes
Turn   | Place    | Note
-------+----------+-------------------------------------------
     0 | D:1      | boopmooplesden the Minotaur Fighter began the quest for the
                  | Orb.
     0 | D:1      | Reached XP level 1. HP: 19/19 MP: 0/0
    20 | D:1      | Found a faded altar of an unknown god.
   268 | D:1      | Reached XP level 2. HP: 27/27 MP: 1/1
   887 | D:2      | Found a burning altar of Makhleb.
   930 | D:2      | Reached XP level 3. HP: 32/33 MP: 2/2
  1451 | D:2      | Reached skill level 1 in Slings
  1479 | D:2      | Reached XP level 4. HP: 32/41 MP: 3/3
  1670 | D:3      | Noticed Jessica
  1677 | D:3      | Killed Jessica
  1717 | D:3      | Noticed a water moccasin
  1727 | D:3      | Killed a water moccasin
  1728 | D:3      | Reached skill level 5 in Armour
  1728 | D:3      | Reached XP level 5. HP: 25/47 MP: 4/4
  2361 | D:3      | Reached XP level 6. HP: 53/53 MP: 5/5
  2748 | D:4      | Reached skill level 5 in Axes
  2757 | D:4      | HP: 2/55 [gnoll/+2 whip of electrocution (5)]
  2757 | D:4      | Mangled by a gnoll

Illustrated notes

Levels and vault maps discovered:
D:1:      dpeg_arrival_shelter, layout_loops_ring,
          ebering_ecumenical_altar_petrified
D:2:      minmay_angry_zag, layout_rooms, basic_altar
D:3:      layout_loops_ring, st_stairs_4, grunt_ministairs_14, uniq_jessica
D:4:      layout_rooms, mainiacjoe_overflow_alcove_4, serial_shops, shop,
          sigmund_edmund_badplayer, uniq_sigmund, uniq_menkaure

Skill      XL: |  1  2  3  4  5  6 |
---------------+-------------------+-----
Fighting       | 4 |  4.9
Armour         | 4 5 |  5.7
Shields        | 4 |  4.1
Axes           | 3 4 5 |  5.4
Slings         | 1 |  1.5
Dodging        | |  0.4

Action                   |  1- 3 |  4- 6 || total
-------------------------+-------+-------++-------
Melee: War axe           |    47 |       ||    47
       Headbutt          |     6 |     7 ||    13
       Broad axe         |    38 |    49 ||    87
 Fire: Hunting sling     |    32 |     3 ||    35
Throw: Stone             |       |     2 ||     2
  Use: Scroll            |       |     4 ||     4
       Potion            |       |     1 ||     1
Armor: Scale mail        |    54 |    24 ||    78
       Chain mail        |       |     6 ||     6
Dodge: Dodged            |    48 |    25 ||    73
Block: Buckler           |    24 |    18 ||    42
